 Dungeon Crawl Stone Soup version 0.25-a0-265-g7af84ae0ac (webtiles) character file.

Game seed: 18379707302995348965, levelgen mode: deterministic

838 floatRand the Shield-Bearer (level 7, -8/52 HPs)
             Began as a Demonspawn Fighter on Dec 7, 2019.
             Mangled by a two-headed ogre
             ... wielding a +0 giant spiked club
              (14 damage)
             ... on level 4 of the Dungeon.
             The game lasted 00:06:54 (4265 turns).

floatRand the Shield-Bearer (Demonspawn Fighter)    Turns: 4265, Time: 00:06:54

Health: -8/52      AC: 14    Str: 16    XL:     7   Next: 67%
Magic:  7/7        EV:  3    Int: 10    God:
Gold:   240        SH: 10    Dex: 14    Spells: 6/6 levels left

rFire    . . .     SeeInvis .   a - +0 trident
rCold    . . .     Gourm    .   c - +0 shield
rNeg     . . .     Faith    .   n - +1 plate armour
rPois    .         Spirit   .   (no helmet)
rElec    .         Reflect  .   (no cloak)
rCorr    .         Harm     +   (no gloves)
MR       .....                  (no boots)
Stlth    ..........             h - amulet of harm
HPRegen  0.17/turn              m - ring of stealth
MPRegen  0.10/turn              (no ring)

@: flying (expiring), very slightly contaminated
A: hooves 1, molten scales 1
a: no special abilities


You were on level 4 of the Dungeon.
You were hungry.

You visited 1 branch of the dungeon, and saw 4 of its levels.

You collected 240 gold pieces.

Inventory:

Hand Weapons
 a - a +0 trident (weapon)
 d - a +2 short sword of venom
 v - a +2 short sword of venom
Armour
 b - a +0 scale mail
 c - a +0 shield (worn)
 n - a +1 plate armour (worn)
Jewellery
 h - an amulet of harm (around neck)
 m - a ring of stealth (left hand)
 w - a cursed -3 ring of slaying {unknown}
Wands
 e - a wand of flame (7)
 i - a wand of enslavement (7)
Scrolls
 j - a scroll of immolation
 k - 2 scrolls of remove curse
 l - a scroll of amnesia
 o - 2 scrolls of identify
 x - a scroll of enchant armour
Potions
 p - 2 potions of mutation
 q - 4 potions of curing
 r - 2 potions of flight
 u - a potion of magic {unknown}
Comestibles
 f - 8 rations


   Skills:
 - Level 3.0 Fighting
 + Level 5.8 Polearms
 - Level 2.6 Armour
 + Level 6.2 Shields


You had 6 spell levels left.
You didn't know any spells.
Your spell library was empty.

Dungeon Overview and Level Annotations

Branches:
Dungeon (4/15)             Temple (0/1) D:4

Altars:
Cheibriados
The Shining One


Innate Abilities, Weirdness & Mutations

You have large cloven feet.
You are partially covered in molten scales. (AC +2)


Message History

The two-headed ogre struggles against the net.
The net rips apart, and the two-headed ogre comes free!
You see here a +0 giant club.
You flicker for a moment.
There is a stone staircase leading up here.
You flicker back into view.
Okay, then.
It was a potion of flight.
You feel very buoyant.
You fly up into the air.
The two-headed ogre hits you with a +0 giant spiked club!!
* * * LOW HITPOINT WARNING * * *
The two-headed ogre barely misses you.
Okay, then.
Okay, then.
You see here a ring mail.
You are starting to lose your buoyancy.
There is a stone staircase leading up here.
The two-headed ogre hits you with a +0 giant spiked club!
You die...

## #.###.##
# #.##...##
#
#.#.....##
#........#
###......#
#####...#.#
#.....#...#
#)###...#.#
#[# ##..@.#
#.####.##O#
#.##...##Z#
#.##.#.##.#
#.##.#.##.#
#.##.#.##.#
#.##.#.##.#
#.##....#.#
#......<..#


You could see a two-headed ogre and a hound skeleton.

Vanquished Creatures
  Purgy (D:3)
  A phantom (D:4)
  2 ogres (D:4)
  Blork the orc (D:4)
  A crimson imp (D:2)
  A hound (D:4)
  An orc priest (D:3)
  Ijyb (D:4)
  2 orc wizards
  A hound skeleton (D:4)
  5 adders
  7 gnolls
  2 oozes
  5 worms
  6 dart slugs
  3 leopard geckos (D:2)
  11 orcs
  4 giant cockroaches
  9 goblins
  8 hobgoblins
  4 jackals (D:1)
  6 kobolds
  A quokka (D:4)
  7 bats
  7 frilled lizards
  A leopard gecko skeleton (D:4)
  A quokka skeleton (D:4)
  6 rats
105 creatures vanquished.

Vanquished Creatures (others)
  A scorpion (D:4)
1 creature vanquished.

Grand Total: 106 creatures vanquished

Notes
Turn   | Place    | Note
-------+----------+-------------------------------------------
     0 | D:1      | floatRand the Demonspawn Fighter began the quest for the
                  | Orb.
     0 | D:1      | Reached XP level 1. HP: 18/18 MP: 1/1
   109 | D:1      | Reached skill level 3 in Shields
   109 | D:1      | Gained mutation: You are partially covered in molten
                  | scales. (AC +2) [demonic ancestry]
   109 | D:1      | Reached XP level 2. HP: 20/24 MP: 2/2
   327 | D:1      | Reached XP level 3. HP: 28/29 MP: 3/3
   884 | D:2      | Found a snail-covered altar of Cheibriados.
   983 | D:2      | Reached XP level 4. HP: 28/35 MP: 4/4
  1177 | D:2      | Reached skill level 4 in Shields
  1612 | D:2      | Reached XP level 5. HP: 39/41 MP: 5/5
  1721 | D:3      | Noticed Purgy
  1735 | D:3      | Killed Purgy
  1940 | D:2      | Reached XP level 6. HP: 40/47 MP: 6/6
  2418 | D:3      | Reached skill level 5 in Shields
  2874 | D:3      | Found a glowing golden altar of the Shining One.
  3251 | D:4      | Reached skill level 5 in Polearms
  3251 | D:4      | Gained mutation: You have large cloven feet. [demonic
                  | ancestry]
  3251 | D:4      | Reached XP level 7. HP: 35/52 MP: 7/7
  3301 | D:4      | Noticed Blork the orc
  3322 | D:4      | Killed Blork the orc
  3325 | D:4      | Noticed Ijyb
  3344 | D:4      | Killed Ijyb
  3758 | D:4      | Reached skill level 6 in Shields
  3934 | D:4      | Found a staircase to the Ecumenical Temple.
  4178 | D:4      | Noticed a two-headed ogre
  4233 | D:4      | HP: 1/52 [two-headed ogre/+0 giant spiked club (22)]
  4265 | D:4      | Mangled by a two-headed ogre

Levels and vault maps discovered:
D:1:      psy_arrival_terrarium, layout_basic
D:2:      layout_loops_ring, nicolae_overflow_crystal_walls, feat_on_display
D:3:      layout_rooms, lemuel_doored_altar, grunt_ministairs_12, uniq_purgy
D:4:      minmay_opposing_rooms, layout_loops_ring,
          minmay_temple_entry_enclosed_plants, first_ration,
          kennysheep_opposing_triangles, uniq_ijyb, uniq_blork_the_orc

Skill      XL: |  1  2  3  4  5  6  7 |
---------------+----------------------+-----
Polearms       | 2 3 4 5 |  5.8
Shields        | 3 4 5 6 |  6.2
Fighting       | |  3.0
Armour         | |  2.6

Action                   |  1- 3 |  4- 6 |  7- 9 || total
-------------------------+-------+-------+-------++-------
Melee: Trident           |   156 |   270 |    98 ||   524
       Kick              |       |       |    30 ||    30
Throw: Throwing net      |       |     1 |     1 ||     2
Evoke: Wand              |       |       |     2 ||     2
  Use: Potion            |       |     2 |     2 ||     4
       Scroll            |       |     9 |       ||     9
  Eat: Chunk             |       |     8 |     3 ||    11
Armor: Scale mail        |    34 |       |       ||    34
       Plate armour      |    42 |   205 |    43 ||   290
Dodge: Dodged            |    26 |    24 |    10 ||    60
Block: Shield            |    76 |   119 |    41 ||   236

Table legend:
 A = Non-vault XP
 B = Vault XP
 C = Vault XP percentage of total XP
 D = Non-vault monster count
 E = Vault monster count
 F = Vault count percentage of total count
                 A         B        C        D         E       F
            +---------+---------+-------+---------+---------+-------
      Total |     786 |     412 |  34.4 |      95 |      10 |   9.5
            +---------+---------+-------+---------+---------+-------
        D:1 |      53 |       0 |   0.0 |      25 |       0 |   0.0
        D:2 |     204 |       0 |   0.0 |      34 |       0 |   0.0
        D:3 |     192 |     132 |  40.7 |      27 |       3 |  10.0
        D:4 |     337 |     280 |  45.4 |       9 |       7 |  43.8
            +---------+---------+-------+---------+---------+-------
